 Dungeon Crawl Stone Soup version 0.21-a0-55-gb612c23 (webtiles) character file.

105 grindst0ne the Vexing (level 4, -5/37 HPs)
             Began as a Vampire Enchanter on June 15, 2017.
             Killed from afar by Natasha (8 damage)
             ... with a magic dart
             ... on level 1 of the Dungeon.
             The game lasted 00:04:48 (2328 turns).

grindst0ne the Vexing (Vampire Enchanter)           Turns: 2328, Time: 00:04:48

Health: -5/37      AC:  0    Str:  7    XL:     4   Next: 53%
Magic:  5/7        EV: 20    Int: 17    God:
Gold:   90         SH:  0    Dex: 20    Spells: 4/7 levels left

rFire    . . .     SeeInvis +   (weapon currently unavailable)
rCold    + + .     Gourm    .   (shield currently unavailable)
rNeg     + + +     Faith    .   (armour currently unavailable)
rPois    ∞         Spirit   .   (helmet currently unavailable)
rElec    .         Reflect  .   (cloak currently unavailable)
rCorr    .         Harm     .   (gloves currently unavailable)
MR       .....                  (boots currently unavailable)
Stlth    +++++.....             (no amulet)
HPRegen  0.00/turn              (ring currently unavailable)
MPRegen  0.10/turn              (ring currently unavailable)

@: bat-form, flying, bloodless, non-regenerating, slowed, quick
A: fangs 3, see invisible
a: End Transformation


You were on level 1 of the Dungeon.
You were bloodless.
You were in vampire-bat-form.
You visited 1 branch of the dungeon, and saw 2 of its levels.

You collected 90 gold pieces.

Inventory:

Hand Weapons
 a - a +1 dagger
 i - a +1 dagger of venom (melded)
Armour
 b - a +0 robe (melded)
Scrolls
 f - a scroll of amnesia {unknown}
 g - 4 scrolls of remove curse {unknown}
 k - 2 scrolls of identify {unknown}
 l - a scroll of noise {unknown}
 m - a scroll of recharging {unknown}
 o - a scroll of blinking {unknown}
Potions
 d - 24 potions of blood
 e - a potion of haste {unknown}
 h - 2 potions of heal wounds {unknown}
 j - a potion of degeneration {unknown}
 n - a potion of might {unknown}
Books
 c - a book of Maledictions

   Spells                             Type                      Level
   a - Corona                         Hexes                        1
   b - Ensorcelled Hibernation        Hexes/Ice                    2
   c - Confuse                        Hexes                        3
   d - Tukima's Dance                 Hexes                        3
   e - Dazzling Spray                 Conjuration/Hexes            3


   Skills:
 + Level 3.8 Fighting
 - Level 1.1 Short Blades
 - Level 2.1 Dodging
 - Level 4.4 Stealth
 - Level 2.0 Spellcasting
 - Level 4.4 Hexes


You had 4 spell levels left.
You knew the following spells:

 Your Spells              Type           Power        Failure   Level  Hunger
a - Corona                Hex            ###....      3%          1    #......
b - Ensorcelled Hibernat  Hex/Ice        #.....       12%         2    ###....


Dungeon Overview and Level Annotations

Branches:
Dungeon (2/15)

Altars:
Cheibriados

Annotations:
D:1 Natasha


Innate Abilities, Weirdness & Mutations

You do not heal naturally.
You are immune to poison.
You have razor-sharp teeth.
You have supernaturally acute eyesight. (SInv)
((You can survive without breathing.))


Message History

Natasha is nearby!
Natasha barely misses you. A mysterious force pulls you upwards.
The hatch slams shut behind you.
Natasha stares at you and mumbles some strange words.
The magic dart hits you!
* * * LOW HITPOINT WARNING * * *
Natasha casts a spell.
Things that are here:
13 stones; a club The white imp gestures at you.
The puff of frost hits you! You resist.
* * * LOW HITPOINT WARNING * * *
You see here a stone.
Natasha casts a spell at you.
You feel as though you will be slow longer.
Your magical contamination has completely faded away.
Natasha growls.
Natasha stares at you and mumbles some strange words.
The magic dart hits you!
You die...

##### #.# #..###.# ######...# #.#
#....>.. .........####.##
#.#....# ....)..........#
##.#....# ####...........####
#........ #.......###....#
#.......( ##.......##.##.#
#........
#####....########.##########....#
......#.##.h....b........###.#..#
#####.#..#.#############.#.)...##
# #....#.#...........#.#.##..# #
#.#..#.#.####.####.#...##..#
#####.#....#.#.......#.#.####..#
........##h#.#.#####.#.#.# #..#
##########.#.#.#...#.#.#.# #..##
#.#.#.#...#.#.#.# #..#.
#.'.#.#.<...#.'.# #..#.


You could see Natasha.

Vanquished Creatures
  Natasha (D:2)
  An adder (D:2)
  2 oozes (D:2)
  2 worms (D:2)
  2 dart slugs (D:1)
  A giant cockroach (D:2)
  7 goblins
  7 hobgoblins
  7 jackals
  8 kobolds
  4 bats
  3 frilled lizards
  6 rats
51 creatures vanquished.

Notes
Turn   | Place    | Note
-------+----------+-------------------------------------------
     0 | D:1      | grindst0ne the Vampire Enchanter began the quest for the Orb.
     0 | D:1      | Reached XP level 1. HP: 13/13 MP: 3/3
    56 | D:1      | Reached skill level 1 in Fighting
   429 | D:1      | Reached XP level 2. HP: 21/21 MP: 5/5
   705 | D:1      | HP: 1/22 [hobgoblin/club (2)]
  1004 | D:1      | Learned a level 2 spell: Ensorcelled Hibernation
  1543 | D:1      | Reached XP level 3. HP: 28/28 MP: 3/6
  1900 | D:2      | Noticed Natasha
  1966 | D:2      | Killed Natasha
  1966 | D:2      | Reached XP level 4. HP: 34/35 MP: 4/7
  2171 | D:2      | Found a snail-covered altar of Cheibriados.
  2264 | D:2      | Noticed Natasha
  2328 | D:1      | Killed from afar by Natasha

Vault maps used:
D:1:      matt_arrival_refuge
D:2:      lemuel_round_altar, gammafunk_temple_overflow_statue, uniq_natasha

Skill      XL: |  1  2  3 |
---------------+----------+-----
Fighting       | 1 2 3 |  3.8
Short Blades   | |  1.1
Dodging        | |  2.1
Stealth        | |  4.4
Spellcasting   | |  2.0
Hexes          | |  4.4

Action                   |  1- 3 |  4- 6 || total
-------------------------+-------+-------++-------
Melee: Dagger            |    96 |    25 ||   121
       Bite              |     4 |     7 ||    11
 Cast: Ensorcelled Hiber |    14 |     4 ||    18
 Abil: Bat Form          |       |     1 ||     1
 Stab: Sleeping          |    16 |     6 ||    22
Armor: Robe              |    12 |     1 ||    13
Dodge: Dodged            |    60 |    12 ||    72
